Map: Torri del crepuscolo

Players

Jhyrachy - Winner!

  • Race: Zerg Zerg
  • League: Gold

KingPei

  • Race: Terran Terran
  • League: Bronze

VOD

Have the link to the VOD?

Description

Time

  • Played on: May 12, 2016, 5:28 p.m.
  • Length: 6:42
Show
View Real Time Build Order
Export as new Build Order

Jhyrachy Zerg - Winner!

Build Orders: Hatch First 

Get SALT Encoding   

  12  0:02  Drone  
  13  0:08  Drone  
  14  0:17  Overlord  
  14  0:37  Drone x3  
  17  0:56  Drone  
  18  0:58  Hatchery  
  17  1:07  Extractor, Drone  
  17  1:18  Spawning Pool  
  16  1:20  Drone  
  16  1:22  Drone  
  18  1:33  Drone  
  19  1:43  Drone  
  20  1:53  Overlord  
  20  2:11  Metabolic Boost  
  20  2:13  Queen  
  22  2:16  Queen  
  24  2:23  Drone x3  
  24  2:24  Drone  
  24  2:29  Drone  
  29  2:44  Drone x3  
  32  2:52  Lair  
  32  2:55  Extractor  
  32  2:58  Extractor  
  30  2:59  Extractor  
  29  3:17  Zergling x4  
  31  3:26  Drone x3  
  34  3:27  Drone x2  
  36  4:02  Spire  
  35  4:06  Drone  
  35  4:08  Overlord x3  
  35  4:43  Drone x3  
  38  4:50  Drone  
  39  5:13  Mutalisk  
  41  5:14  Mutalisk x8  
  57  5:23  Drone  
  57  5:24  Drone  
  57  5:25  Overlord x2  
  59  5:39  Hatchery  
  57  5:51  Zergling x2  
  57  5:52  Zergling x22  
  69  6:06  Zergling x2  
  69  6:07  Zergling x2  
Show
View Real Time Build Order
Export as new Build Order

KingPei Terran 

Build Orders:  

Get SALT Encoding   

  12  0:05  SCV  
  13  0:18  SCV  
  14  0:29  Supply Depot  
  14  0:30  SCV  
  15  0:54  Barracks  
  15  1:05  Refinery  
  15  1:09  SCV  
  16  1:21  SCV  
  17  1:33  SCV  
  17  1:38  Command Center  
  18  1:45  SCV  
  19  1:48  Marine, Supply Depot  
  20  1:57  SCV  
  21  2:06  Marine  
  21  2:07  Refinery  
  22  2:09  SCV  
  23  2:24  Marine  
  24  2:42  Marine  
  25  2:55  Orbital Command  
  25  3:00  Marine  
  25  3:01  Orbital Command  
  25  3:57  SCV  
  25  4:00  Marine  
  27  4:12  Orbital Command  
  27  4:16  SCV  
  28  4:18  Marine  
  29  4:36  Marine  
  30  4:45  SCV  
  31  4:54  Marine  
  31  4:57  SCV  
  33  5:09  SCV  
  33  5:11  Marine  
  35  5:17  Engineering Bay  
  35  5:21  SCV  
  36  5:29  Marine  
  36  5:33  SCV  
  38  5:47  Marine  
  39  5:55  Factory  
  39  6:00  SCV  
  40  6:05  Marine  
  41  6:13  SCV  
  39  6:23  Marine  
  39  6:25  SCV  
Tags
 
Add a new tag
Caveats
  • Supply blocks, unpowered buildings, or Contaminate may cause inaccurate times.
  • Supply counts are checked every 10 seconds.